 Dungeon Crawl Stone Soup version 0.32-a0-868-g153ae1a8d6 (webtiles) character file.

Game seed: 2577488749404734647

25 ceep the Chopper (level 2, 22/22 (25) HPs)
             Began as a Mountain Dwarf Reaver on Mar 28, 2024.
             Quit the game on level 2 of the Dungeon.
             The game lasted 00:08:02 (1440 turns).

ceep the Chopper (Mountain Dwarf Reaver)            Turns: 1440, Time: 00:08:03

HP:   22/22 (25)    AC:  5    Str: 14    XL:     2   Next: 86%
MP:   5/5           EV:  9    Int: 13    God:
Gold: 60            SH:  0    Dex:  8    Spells: 2/5 levels left

rFire   . . .        a - +0 hand axe
rCold   . . .        (no shield)
rNeg    . . .        c - +0 ring mail
rPois   .            (no helmet)
rElec   .            (no cloak)
rCorr   .            (no gloves)
SInv    .            (no boots)
Will    .....        (no amulet) Stlth
                     (no ring)
HPRegen 0.23/turn    (no ring)
MPRegen 0.09/turn

%: no passive effects
@: heavily drained
A: runic magic, artefact enchanting
a: no special abilities


You were on level 2 of the Dungeon.
You visited 1 branch of the dungeon, and saw 2 of its levels.

You collected 60 gold pieces.

Inventory:

Hand Weapons
 a - a +0 hand axe (weapon)
Armour
 c - a +0 ring mail (worn)
Scrolls
 b - a scroll of teleportation {unknown}
 e - a scroll of noise {unknown}
 f - 2 scrolls of identify {unknown}
Potions
 d - a potion of might {unknown}
 g - a potion of curing {unknown}
 h - a potion of lignification {unknown}


   Skills:
 + Level 2.6 Fighting
 + Level 3.9 Axes
 + Level 1.6 Dodging
 + Level 2.0 Spellcasting
 + Level 2.9 Conjurations


You had 2 spell levels left.
You knew the following spells:

 Your Spells              Type           Power      Damage    Failure   Level
a - Kiss of Death         Conj/Necr      20%        2d7       17%         1
b - Momentum Strike       Conj/Tloc      10%        3d8       26%         2

Your spell library contained the following spells:

 Spells                   Type           Power      Damage    Failure   Level
 Hailstorm                Conj/Ice       5%         3d5       45%         3


Dungeon Overview and Level Annotations

Branches:
Dungeon (2/15)

Altars:


Innate Abilities, Weirdness & Mutations

Your spellcasting is much less encumbered by armour.
You can use scrolls of enchantment on lesser artefacts.


Message History

A ball python comes into view.
A kobold comes into view. It is wielding a +0 short sword.
The kobold shouts!
The kobold throws a stone.
The stone barely misses you.
You hit the ball python.
You kill the ball python!
You see here a ball python corpse.
Found a stone staircase leading down.
The kobold hits you but does no damage.
You barely miss the kobold. The kobold hits you but does no damage.
You closely miss the kobold. The kobold barely misses you.
You completely miss the kobold.
The kobold hits you but does no damage. x2
You hit the kobold but do no damage. The kobold hits you but does no damage.
You hit the kobold.
You kill the kobold!
Things that are here:
a +0 short sword; 5 stones
Casting: Kiss of Death (safe; 17% risk of failure)
Confirm with . or Enter, or press ? or * to list all spells.
Okay, then.
Casting: Kiss of Death (safe; 17% risk of failure)
Confirm with . or Enter, or press ? or * to list all spells.
Aiming: Kiss of Death (safe; 17% risk of failure)
Press: ? - help, Shift-Dir - straight line
Okay, then.
Casting: Kiss of Death (safe; 17% risk of failure)
Confirm with . or Enter, or press ? or * to list all spells.
Okay, then.
Casting: Kiss of Death (safe; 17% risk of failure)
Confirm with . or Enter, or press ? or * to list all spells.
Okay, then.
Casting: Kiss of Death (safe; 17% risk of failure)
Confirm with . or Enter, or press ? or * to list all spells.
You don't know that spell.
Casting: Kiss of Death (safe; 17% risk of failure)
Confirm with . or Enter, or press ? or * to list all spells.
You can't see any susceptible monsters within range! (Use Z to cast anyway.) Unknown command.
Okay, then.
Are you sure you want to abandon this character and quit the game? (Confirm with "yes".)

#.######.
########.######.
#.........†.....
#.########.##.#. #.#
#>##.#. #.# #.##.#. #
#.# ##.#....
#.#####.#######.......
###....@.†..............
..........######.##.....
#.......#........###....
.>....#.#.######.###..##
#.###.#.#.# #......# #
#.#.#.# ###.##.# #
#.#.............#
#.#########...### #.#
.....


There were no monsters in sight!

Vanquished Creatures
  An endoplasm (D:1)
  3 giant cockroaches (D:1)
  A goblin (D:1)
  3 hobgoblins
  5 kobolds
  2 quokkas (D:1)
  5 ball pythons
  2 bats
  A rat (D:1)
23 creatures vanquished.

Notes
Turn   | Place    | Note
-------+----------+-------------------------------------------
     0 | D:1      | ceep the Mountain Dwarf Reaver began the quest for the Orb.
     0 | D:1      | Reached XP level 1. HP: 17/17 MP: 3/3
   522 | D:1      | Reached XP level 2. HP: 23/25 MP: 4/4
  1397 | D:2      | Learned a level 2 spell: Momentum Strike
  1440 | D:2      | Quit the game

Illustrated notes

Levels and vault maps discovered:
D:1:      ncdulo_wetmaze, layout_basic
D:2:      layout_loops_ring, uniq_terence

Skill      XL: |  1  2 |
---------------+-------+-----
Spellcasting   | 2 |  2.0
Fighting       | |  2.6
Axes           | |  3.9
Dodging        | |  1.6
Conjurations   | |  2.9

Action                     || total
---------------------------++-------
  Melee: Hand axe          ||    98
   Cast: Kiss of Death     ||     1
 Armour: Ring mail         ||    98
  Dodge: Dodged            ||    58

Table legend: (Time is in decaauts)
 A = Elapsed time spent in this place.
 B = Non-inter-level travel time spent in this place.
 C = Inter-level travel time spent in this place.
 D = Time resting spent in this place.
 E = Time spent auto-exploring this place.
 F = Levels seen in this place.
 G = Mean time per level.
                   A        B        C        D        E       F      G
               +--------+--------+--------+--------+--------+-----+--------+
         Total |   1461 |   1419 |     42 |    137 |    816 |   2 |  730.5 |
       Dungeon |   1461 |   1419 |     42 |    137 |    816 |   2 |  730.5 |
               +--------+--------+--------+--------+--------+-----+--------+

Top non-repeatable levels by time:
     D:1: 1351 daAuts
     D:2: 110 daAuts
